 Dungeon Crawl Stone Soup version 0.32-a0-960-g3814254bd7 (webtiles) character file.

Game seed: 17013734275079162894

320720 jasper the Slayer (level 21, -15/202 HPs)
             Began as a Gargoyle Fighter on Apr 16, 2024.
             Was a High Priest of Elyvilon.
             Demolished by Vv (17 damage)
             ... while paralysed by a vampire knight
             ... on level 3 of the Crypt on Apr 17, 2024.
             The game lasted 01:23:11 (42937 turns).

jasper the Slayer (Gargoyle Fighter)               Turns: 42937, Time: 01:23:12

Health: -15/202    AC: 43    Str: 29    XL:     21   Next: 26%
Magic:  32/40      EV:  2    Int: 11    God:    Elyvilon [*****.]
Gold:   2634       SH:  0    Dex:  9    Spells: 14/20 levels left

rFire   + . .        b - +16 consecrated labrys {holy, Valiant ^Fragile Fly SInv}
rCold   + . .        h - +2 tower shield
rNeg    + + .        s - +2 plate armour {rF+}
rPois   ∞            x - +2 helmet
rElec   +            t - scarf {repulsion}
rCorr   .            c - +0 pair of gloves of Golden Surprise {rF+}
SInv    +            i - +1 pair of boots
Will    +....        L - amulet of regeneration Stlth
                     g - ring of positive energy
HPRegen 1.33/turn    P - ring of ice
MPRegen 0.27/turn

%: repel missiles
@: paralysed, divinely vigorous, flying
A: sickness immunity, AC +16, big wings, negative energy resistance 1,
electricity resistance, torment resistance 1, petrification resistance
}: 2/15 runes: barnacled, gossamer
a: Renounce Religion, Purification, Heal Other, Heal Self, Divine Vigour


You were on level 3 of the Crypt.
You worshipped Elyvilon.
Elyvilon was extremely pleased with you.
You visited 8 branches of the dungeon, and saw 37 of its levels.
You visited the Abyss 1 time.
You also visited: Bailey and Volcano.

You collected 5091 gold pieces.
You spent 2457 gold pieces at shops.

Inventory:

Hand Weapons
 b - the +16 consecrated labrys (weapon) {holy, Valiant ^Fragile Fly SInv}
   (Okawaru gifted it to you on level 5 of the Lair of Beasts)

   Valiant:   It becomes more powerful as more dangerous foes come into view.
   SInv:      It lets you see invisible.
   Fly:       It grants you flight.
   ^Fragile:  It will be destroyed if unequipped.
Missiles
 f - 8 throwing nets
 J - 33 boomerangs (quivered)
 K - 17 atropa-tipped darts
 Q - 9 silver javelins
 R - 11 javelins
Armour
 c - the +0 pair of gloves of Golden Surprise (worn) {rF+}
   (Okawaru gifted it to you on level 5 of the Lair of Beasts)

   rF+:       It protects you from fire.
 h - a +2 tower shield (worn)
 i - a +1 pair of boots (worn)
 s - a +2 plate armour of fire resistance (worn)
 t - a scarf of repulsion (worn)
 x - a +2 helmet (worn)
 T - a +1 cloak of stealth
Jewellery
 a - a ring of willpower
 g - a ring of positive energy (left hand)
 o - an amulet of guardian spirit
 q - the ring "Amighire" {rPois AC+4 Dex+5 Stlth+}
   (You found it on level 4 of the Lair of Beasts)

   [ring of protection]

   AC+4:      It affects your AC (+4).
   Dex+5:     It affects your dexterity (+5).
   rPois:     It protects you from poison.
   Stlth+:    It makes you more stealthy.
 I - a ring of protection from fire
 L - an amulet of regeneration (around neck)
 P - a ring of ice (right hand)
Wands
 v - a wand of digging (5)
 y - a wand of charming (8)
 A - a wand of iceblast (45)
 F - a wand of mindburst (33)
 U - a wand of acid (24)
Scrolls
 e - 2 scrolls of blinking
 p - 5 scrolls of butterflies
 r - 4 scrolls of fear
 u - 2 scrolls of silence
 z - 16 scrolls of teleportation
 E - 3 scrolls of vulnerability
 G - 6 scrolls of enchant armour
 O - 16 scrolls of identify
 S - 3 scrolls of immolation
 V - 3 scrolls of fog
 X - 4 scrolls of poison
 Y - 4 scrolls of revelation
Potions
 d - 12 potions of curing
 k - 4 potions of lignification
 l - 11 potions of mutation
 m - 3 potions of haste
 n - 7 potions of ambrosia
 w - 3 potions of enlightenment
 B - 4 potions of brilliance
 C - 3 potions of invisibility
 D - 4 potions of magic
 H - 2 potions of cancellation
 M - 2 potions of might
 N - 3 potions of attraction
Miscellaneous
 j - a condenser vane
 W - a sack of spiders
 Z - a lightning rod (4/4)


   Skills:
 * Level 24.1 Fighting
 - Level 18.0 Axes
 - Level 6.0 Throwing
 + Level 15.5 Armour
 + Level 15.6 Shields
 + Level 14.6 Invocations
 - Level 8.0 Evocations


You had 14 spell levels left.
You knew the following spells:

 Your Spells              Type           Power      Damage    Failure   Level
a - Swiftness             Air            0%         N/A       100%        3
b - Passwall              Erth           0%         N/A       100%        3

Your spell library contained the following spells:

 Spells                   Type           Power      Damage    Failure   Level
 Kiss of Death            Conj/Necr      0%         2d5       99%         1
 Shock                    Conj/Air       0%         1d3       99%         1
 Ensorcelled Hibernation  Hex/Ice        0%         N/A       99%         2
 Static Discharge         Conj/Air       0%         3-3/arc   99%         2
 Confusing Touch          Hex            0%         N/A       100%        3
 Sigil of Binding         Hex            0%         N/A       100%        3
 Stone Arrow              Conj/Erth      0%         3d7       100%        3
 Teleport Other           Tloc           0%         N/A       100%        3
 Airstrike                Air            0%         2d(0-16)  100%        4
 Anguish                  Hex/Necr       0%         N/A       100%        4
 Animate Armour           Summ/Erth      0%         N/A       100%        4
 Cause Fear               Hex            0%         N/A       100%        4
 Dispel Undead            Necr           0%         3d6       100%        4
 Fulminant Prism          Conj/Alch      0%         3d5       100%        4
 Ignite Poison            Fire/Alch      0%         N/A       100%        4
 Leda's Liquefaction      Alch/Erth      0%         N/A       100%        4
 Petrify                  Alch/Erth      0%         N/A       100%        4
 Summon Blazeheart Golem  Fire/Summ      0%         N/A       100%        4
 Summon Lightning Spire   Summ/Air       0%         N/A       100%        4
 Fireball                 Conj/Fire      0%         3d3       100%        5
 Freezing Cloud           Conj/Ice/Air   0%         6-21      100%        5
 Lee's Rapid Deconstruct  Erth           0%         3d4*      100%        5
 Metabolic Englaciation   Hex/Ice        0%         N/A       100%        5
 Dispersal                Tloc           0%         N/A       100%        6
 Eringya's Noxious Bog    Alch           0%         4d6       100%        6
 Gell's Gavotte           Tloc           0%         2d(11-16) 100%        6
 Sculpt Simulacrum        Ice/Alch       0%         N/A       100%        6
 Enfeeble                 Hex            0%         N/A       100%        7
 Magnavolt                Erth/Air       0%         3d9       100%        7
 Orb of Destruction       Conj           0%         9d5       100%        7
 Seismic Cannonade        Alch/Erth      0%         6d4       100%        7
 Spellforged Servitor     Conj/Summ      0%         N/A       100%        7
 Lehudib's Crystal Spear  Conj/Erth      0%         10d2      100%        8
 Dragon's Call            Summ           0%         N/A       100%        9
 Cigotuvi's Dreadful Rot  Necr/Alch/Air  Unusable   N/A       N/A         2

Dungeon Overview and Level Annotations

Branches:
Dungeon (15/15)            Temple (1/1) D:5            Lair (5/5) D:10
 Shoals (4/4) Lair:2       Spider (4/4) Lair:2        Slime (0/5) Lair:4
    Orc (2/2) D:10            Elf (0/3) Orc:2        Vaults (3/5) D:13
  Crypt (3/3) Vaults:3     Depths (0/4) D:15         Bailey (visited)
Volcano (visited)
   Tomb: Crypt:3

Altars:
Ashenzari
Cheibriados
Dithmenos
Elyvilon
Fedhas
Gozag
Hepliaklqana
Kikubaaqudgha
Makhleb
Nemelex Xobeh
Okawaru
Qazlal
Ru
Sif Muna
Trog
Uskayaw
Vehumet
Wu Jian
Xom
Yredelemnul
Zin
The Shining One
Beogh
Jiyva
Lugonu

Shops:
D:12 *   D:15 ?:?   Orc:1 *   Orc:2 (?*!   Shoals:1 [

Portals:
Abyss: Lair:5

Annotations:
D:10 exclusion: door
Crypt:3 Vv


Innate Abilities, Weirdness & Mutations

You are immune to sickness and miasma.
Your stone body is resilient. (AC +16)
You are immune to poison.
Your large and strong wings let you fly.
You resist negative energy. (rN+)
You are resistant to electric shocks. (rElec)
You are resistant to unholy torment.
You are immune to petrification.


Message History

You slash Vv!
Vv is lightly damaged.
You slice the death knight!! You closely miss the skeletal warrior.
You hit the vampire knight but do no damage.
You slash the ancient champion!
The ancient champion convulses!
You block the vampire knight's attack. The vampire knight bites you.
* * * LOW HITPOINT WARNING * * *
The skeletal warrior barely misses you.
The ancient champion hits you with a +0 great mace!
* * * LOW HITPOINT WARNING * * *
The vampire knight points at you and mumbles some strange words.
You suddenly lose the ability to move!
Vv hits you but does no damage. x2
A skeletal warrior comes into view. It is wielding a +0 hand axe.
The death knight hits you but does no damage.
The vampire knight hits you but does no damage.
The vampire knight completely misses you.
The ancient champion hits you with a +0 great mace!!
* * * LOW HITPOINT WARNING * * *
Vv hits you but does no damage. x2
The skeletal warrior hits you but does no damage.
The death knight hits you with a +0 broad axe.
* * * LOW HITPOINT WARNING * * *
The burial acolyte completely misses you.
The vampire knight hits you but does no damage.
The vampire knight bites you but does no damage.
The burial acolyte hits you but does no damage.
An ancient champion comes into view. It is wielding a +2 battleaxe.
The skeletal warrior hits you with a +0 scimitar.
* * * LOW HITPOINT WARNING * * *
The ancient champion hits you but does no damage.
The vampire knight hits you but does no damage.
The vampire knight bites you but does no damage.
Vv hits you!
* * * LOW HITPOINT WARNING * * *
Vv freezes you!! You resist. Elyvilon protects you from harm! Vv hits you.
Elyvilon protects you from harm!
You are engulfed in flames!
You resist.
You die...

.z... #z''#
##...## ##.....##
###.......###
#...ß...ß...#
#....zpz....#
+.....@V....+
#[...)9p....#
#...ß.).ß..[#
###..D....######
###'''###....###
+.......'......##
#.......#.....(.#
##.......##....(##
#.†.†.†...#.....#


You could see Vv, a bone dragon, a death knight, a vampire knight (fast,
invisible), 2 ancient champions, 2 skeletal warriors and a burial acolyte.

Vanquished Creatures
  Nikola (Spider:3)
  Arachne (Spider:2)
  A shard shrike skeleton (Crypt:3)
  Rupert (Lair:4)
  3 deep elf master archers
  Mlioglotl (Spider:3)
  4 titans
  Asterion (Spider:3)
  2 deep elf blademasters
  A kraken (Shoals:1)
  The ghost of bronco the Phalangite, an adept MiFi of Beogh (Shoals:2)
  The ghost of araganzar the Brawler, an adept GrSh of Okawaru (Vaults:1)
  Gastronok (D:11)
  The ghost of Uveidaum the Fortune-Teller, an adept DsMo of Nemelex Xobeh (Spider:2)
  5 ancient champions
  A tentacled starspawn (Abyss:2)
  Aizul (Shoals:4)
  A tengu reaver (Vaults:1)
  2 revenants
  Roxanne (Spider:4)
  2 fire giants (Spider:1)
  Donald (Shoals:4)
  4 frost giants
  2 vault wardens (Vaults:1)
  2 ghost moths
  5 emperor scorpions
  Louise (Shoals:4)
  2 ghouls
  3 ironbound thunderhulks
  4 ironbound preservers
  An orc warlord (D:15)
  8 stone giants
  A very ugly thing (D:15)
  2 broodmothers
  The ghost of Ycup the Severer, a journeyman MiBe of Trog (Shoals:3)
  5 vampire knights
  A deep elf demonologist (Vaults:1)
  2 deep elf death magi (Crypt:1)
  A minotaur (D:15)
  A red draconian (D:15)
  A spark wasp (Spider:2)
  4 merfolk javelineers
  A white draconian (D:14)
  An eidolon (Vaults:3)
  An ettin (Orc:1)
  4 dire elephants
  A spectral kraken (Shoals:3)
  3 yaktaur captains
  9 merfolk impalers
  4 jiangshi (Crypt:3)
  6 entropy weavers
  A fire dragon (D:15)
  A spectral spriggan (Crypt:3)
  The ghost of BigDaddyOpFi the Blocker, a journeyman GrFi of Ashenzari (D:11)
  Fannar (D:11)
  A great orb of eyes (Vaults:2)
  2 hydras
  A quicksilver dragon skeleton (Crypt:2)
  4 vault guards
  A rakshasa (Abyss:2)
  2 jorogumos (Spider:4)
  5 ironbound frosthearts
  4 alligator snapping turtles
  2 radroaches
  2 satyrs (Shoals:3)
  A catoblepas (D:15)
  14 centaur warriors
  3 merfolk aquamancers
  5 merfolk avatars
  5 death yaks
  4 boulder beetles
  2 vampire magi (Crypt:2)
  7 death scarabs (Spider:4)
  4 demonic crawlers
  9 two-headed ogres
  5 orc high priests (Orc:2)
  2 hell knights
  2 occultists (D:15)
  5 naga warriors
  15 tengu warriors
  4 thrashing horrors
  6 deep elf knights
  2 quicksilver ooze zombies
  2 soul eaters
  Nergalle (D:11)
  35 skeletal warriors
  3 skysharks
  A shadow wraith (Crypt:3)
  Amaemon (D:8)
  3 deep elf archers
  3 salamander mystics (D:15)
  13 deep trolls
  Lodul (D:11)
  5 pharaoh ants (Spider:4)
  A storm dragon skeleton (Crypt:1)
  7 orb spiders
  3 large abominations
  2 spectral jorogumos (Spider:4)
  8 sea snakes
  A flayed ghost (Crypt:2)
  A naga ritualist (D:15)
  A glowing orange brain (Vaults:1)
  3 arcanists
  A spectral wolf spider (Spider:4)
  5 bog bodies
  5 steelbarb worms
  A kraken simulacrum (Shoals:4)
  A lindwurm (Vaults:2)
  3 necromancers
  4 phantasmal warriors
  14 harpies
  5 ironbound convokers
  2 sun moths
  An obsidian bat (Orc:2)
  A harpy (shapeshifter) (D:14)
  A wolf spider zombie (Spider:4)
  4 deep elf zephyrmancers
  A broodmother zombie (Spider:4)
  2 deep elf pyromancers
  An iron dragon zombie (Crypt:1)
  4 orc knights
  10 fauns
  14 wolf spiders
  A shadow dragon skeleton (Crypt:2)
  The ghost of jasper the Spear-Bearer, a novice MfFi of Okawaru (D:6)
  A spectral fire dragon (Crypt:3)
  8 cyclopes
  16 manticores
  18 ugly things
  3 orc sorcerers
  2 salamanders (D:15)
  7 moths of wrath
  2 spectral alligator snapping turtles (Shoals:3)
  9 meliai
  5 water nymphs
  7 black mambas
  8 kobold blastminers
  29 elephants
  10 centaur zombies (D:12)
  4 merfolk sirens
  An iron dragon skeleton (Crypt:1)
  4 smoke demons (Lair:5)
  4 vault sentinels
  A naga mage (D:15)
  5 torpor snails
  A centaur skeleton (Crypt:1)
  2 molten gargoyles
  An orange demon (D:8)
  5 gargoyles
  An alligator snapping turtle skeleton (Crypt:1)
  16 cane toads
  2 unseen horrors (D:10)
  A purple draconian zombie (Crypt:1)
  A minotaur zombie (Crypt:2)
  2 spectral sea snakes (Shoals:3)
  An orb spider zombie (Crypt:1)
  A spectral redback (Spider:4)
  4 rime drakes
  3 freezing wraiths
  8 komodo dragons
  2 yaktaurs (Vaults:2)
  A redback zombie (Spider:4)
  2 efreet
  3 tengu conjurers
  A death yak skeleton (Crypt:2)
  A red draconian skeleton (Crypt:2)
  3 polar bears
  Psyche (D:11)
  48 merfolk
  A harpy zombie (Crypt:1)
  A catoblepas skeleton (Crypt:1)
  3 spectral tarantellas (Spider:4)
  4 wind drakes
  7 trolls
  18 jumping spiders
  5 spectral jumping spiders (Spider:4)
  13 tarantellas
  4 tarantella zombies (Spider:4)
  13 dream sheep
  39 blink frogs
  A harpy skeleton (Crypt:1)
  11 snapping turtles
  2 raiju (Lair:5)
  A centaur simulacrum (Crypt:1)
  15 slime creatures
  A spriggan (Lair:5)
  6 vampires (D:12)
  16 water elementals
  Sigmund (D:2)
  7 shadows
  74 yaks
  6 wyverns
  2 fire elementals (Volcano)
  4 basilisks
  A ynoxinul (Lair:5)
  Grum (D:11)
  13 wraiths
  A steam dragon (Lair:2)
  22 culicivoras
  Eustachio (D:3)
  7 fire bats
  4 humans
  8 vampire mosquitoes
  49 redbacks
  A wind drake skeleton (Crypt:1)
  2 chaos spawn (Lair:5)
  3 wargs
  3 acid dragons
  Edmund (D:5)
  11 nagas
  2 spectral snapping turtles (Shoals:3)
  18 water moccasins
  A demonspawn skeleton (Crypt:1)
  32 orc warriors
  A hornet zombie (Crypt:2)
  An ice beast (D:8)
  A sky beast (D:7)
  3 black bears
  11 small abominations (Lair:5)
  A lindwurm zombie (Crypt:1)
  24 wolves
  15 ogres
  A swamp dragon zombie (Crypt:1)
  28 laughing skulls
  18 centaurs
  5 kobold brigands
  An earth elemental (Volcano)
  12 bullfrogs
  A komodo dragon skeleton (Crypt:2)
  4 gnoll sergeants (D:6)
  15 wights
  6 howler monkeys
  7 electric eels
  6 lava snakes
  A human zombie (Crypt:2)
  39 orc priests
  A gnoll bouda (D:6)
  3 iguanas
  A jelly (D:5)
  33 orc wizards
  A boggart zombie (Crypt:1)
  12 gnolls
  5 adders
  2 shadow imps
  A white imp (D:7)
  2 ufetubi (D:6)
  3 dart slugs
  83 orcs
  8 bats
  5 endoplasms
  3 giant cockroaches
  A gnoll zombie (Crypt:1)
  7 goblins
  9 hobgoblins
  2 jackals (D:1)
  29 kobolds
  4 quokkas
  6 ball pythons
  5 frilled lizards
  2 goblin skeletons (D:5)
  A goblin zombie (D:5)
  2 kobold skeletons (D:5)
  3 kobold zombies
  6 rats
  8 tentacles
1555 creatures vanquished.

Vanquished Creatures (others)
  A merfolk aquamancer (Shoals:2)
  Erolcha (Orc:1)
  7 tentacles
9 creatures vanquished.

Grand Total: 1564 creatures vanquished

Notes
Turn   | Place    | Note
-------+----------+-------------------------------------------
     0 | D:1      | jasper the Gargoyle Fighter began the quest for the Orb.
     0 | D:1      | Reached XP level 1. HP: 14/14 MP: 1/1
   162 | D:1      | Reached XP level 2. HP: 16/19 MP: 2/2
   561 | D:1      | Reached XP level 3. HP: 23/23 MP: 3/3
   701 | D:1      | Found a faded altar of an unknown god.
  1282 | D:2      | Reached XP level 4. HP: 29/29 MP: 4/4
  1365 | D:2      | Reached skill level 4 in Fighting
  1705 | D:2      | Noticed Sigmund
  1719 | D:2      | Killed Sigmund
  1720 | D:2      | Reached skill level 6 in Fighting
  1720 | D:2      | Reached XP level 5. HP: 36/36 MP: 5/5
  1720 | D:2      | Reached XP level 6. HP: 41/41 MP: 6/6
  1781 | D:3      | Found a transporter.
  2448 | D:3      | Found a transporter.
  2702 | D:4      | Found a blossoming altar of Fedhas.
  2752 | D:4      | Noticed Eustachio
  2841 | D:3      | Killed Eustachio
  2842 | D:3      | Reached skill level 7 in Fighting
  2842 | D:3      | Reached XP level 7. HP: 45/48 MP: 7/7
  2938 | D:4      | Found a hide-covered altar of Uskayaw.
  2958 | D:4      | Found a radiant altar of Vehumet.
  2958 | D:4      | Found a burning altar of Makhleb.
  2962 | D:4      | Found a shadowy altar of Dithmenos.
  2962 | D:4      | Found an iron altar of Okawaru.
  2962 | D:4      | Found a sacrificial altar of Ru.
  2963 | D:4      | Found a broken altar of Ashenzari.
  2970 | D:4      | Became a worshipper of Warmaster Okawaru
  3054 | D:4      | Reached skill level 8 in Fighting
  3269 | D:4      | Upgraded the game from 0.32-a0-953-g508020473e to
                  | 0.32-a0-960-g3814254bd7
  3523 | D:5      | Entered Level 5 of the Dungeon
  3537 | D:5      | Identified the +9 hand axe of Action {heavy, rN+ rCorr}
  3696 | D:5      | Found a staircase to the Ecumenical Temple.
  3808 | D:5      | Reached skill level 9 in Fighting
  4158 | D:5      | Reached XP level 8. HP: 52/56 MP: 8/8
  4413 | D:5      | Reached * piety under Okawaru
  4419 | D:5      | Found a glowing golden altar of the Shining One.
  4419 | D:5      | Noticed Edmund
  4433 | D:5      | Killed Edmund
  4434 | D:5      | Reached skill level 5 in Axes
  4656 | D:6      | Noticed jasper's ghost (novice MfFi)
  4719 | D:6      | Found a transporter.
  4719 | D:6      | Found a transporter.
  4731 | D:6      | Identified the +11 trident of jasper's Painful Death
                  | {venom, Dex+2}
  5485 | D:6      | Found a glowing silver altar of Zin.
  5857 | D:7      | Reached XP level 9. HP: 56/60 MP: 6/9
  6014 | D:7      | Found a flagged portal.
  6021 | D:7      | Identified the +9 hand axe of Conscience {elec, rPois rN++
                  | Int-5 Dex+3}
  6029 | Bailey   | Entered a bailey
  6047 | Bailey   | Noticed an orc warlord
  6108 | Bailey   | Noticed an orc knight
  6111 | Bailey   | Noticed an orc knight
  7064 | D:8      | Reached ** piety under Okawaru
  7065 | D:8      | Reached skill level 10 in Axes
  7330 | D:8      | Noticed an orange demon
  7330 | D:8      | Noticed a two-headed ogre
  7331 | D:8      | Noticed Amaemon
  7337 | D:8      | Killed an orange demon
  7338 | D:8      | Reached XP level 10. HP: 62/66 MP: 8/11
  7340 | D:8      | Killed a two-headed ogre
  7352 | D:8      | Killed Amaemon
  7352 | D:8      | Reached *** piety under Okawaru
  8420 | D:9      | Learned a level 3 spell: Swiftness
  8441 | D:9      | Noticed a two-headed ogre
  8449 | D:9      | Killed a two-headed ogre
  8821 | D:10     | Entered Level 10 of the Dungeon
  8849 | D:10     | Noticed a gargoyle
  8849 | D:10     | Noticed a brown ugly thing
  8862 | D:10     | Killed a brown ugly thing
  8862 | D:10     | Reached **** piety under Okawaru
  8863 | D:10     | Reached XP level 11. HP: 46/71 MP: 6/12
  9047 | D:10     | Found a staircase to the Orcish Mines.
  9326 | D:10     | Noticed a purple ugly thing
  9378 | D:11     | Noticed Psyche
  9378 | D:11     | Noticed a cyclops
  9435 | D:10     | Reached ***** piety under Okawaru
  9513 | D:11     | Reached skill level 5 in Invocations
  9548 | D:11     | Killed a cyclops
  9573 | D:11     | Killed Psyche
  9756 | D:11     | Received a gift from Okawaru
  9776 | D:11     | Noticed Nergalle
  9776 | D:11     | Noticed Gastronok
  9794 | D:11     | Killed Nergalle
  9814 | D:11     | Killed Gastronok
  9996 | D:11     | Noticed a two-headed ogre
 10006 | D:11     | Killed a two-headed ogre
 10082 | D:11     | Noticed Fannar
 10082 | D:11     | Noticed Lodul
 10082 | D:11     | Noticed Grum
 10101 | D:11     | Reached XP level 12. HP: 76/76 MP: 18/18
 10108 | D:11     | Killed Grum
 10131 | D:11     | Killed Fannar
 10132 | D:11     | Reached skill level 10 in Fighting
 10265 | D:10     | Noticed a two-headed ogre
 10277 | D:10     | Killed a two-headed ogre
 10277 | D:10     | Received a gift from Okawaru
 10294 | D:10     | Reached skill level 5 in Armour
 10294 | D:10     | Reached skill level 5 in Shields
 10460 | D:6      | Killed jasper's ghost
 10775 | D:10     | Found a shimmering blue altar of Sif Muna.
 10931 | D:10     | Reached skill level 11 in Fighting
 11150 | D:10     | Found a staircase to the Lair.
 11614 | Lair:1   | Entered Level 1 of the Lair of Beasts
 11633 | Lair:1   | Reached skill level 12 in Fighting
 11654 | Lair:1   | Received a gift from Okawaru
 11771 | Lair:1   | Reached skill level 13 in Fighting
 11963 | Lair:1   | Reached XP level 13. HP: 79/89 MP: 16/19
 12018 | Lair:1   | Reached skill level 14 in Fighting
 12200 | Lair:1   | Received a gift from Okawaru
 12321 | Lair:1   | Reached skill level 15 in Fighting
 12866 | Lair:2   | You fall into a shaft and drop 2 floors!
 12866 | Lair:4   | Found a viscous altar of Jiyva.
 12866 | Lair:4   | Found a staircase to the Slime Pits.
 12877 | Lair:4   | Reached skill level 16 in Fighting
 13062 | Lair:4   | Received a gift from Okawaru
 13314 | Lair:4   | Reached skill level 17 in Fighting
 13506 | Lair:4   | Found a runed translucent door.
 13507 | Lair:4   | Noticed Rupert
 13527 | Lair:4   | Killed Rupert
 13533 | Lair:4   | Identified the ring "Amighire" {rPois AC+4 Dex+5 Stlth+}
 13595 | Lair:4   | Gained mutation: Your large and strong wings let you fly.
                  | [Gargoyle growth]
 13595 | Lair:4   | Reached XP level 14. HP: 90/102 MP: 17/20
 13766 | Lair:4   | Received a gift from Okawaru
 14094 | Lair:5   | Entered Level 5 of the Lair of Beasts
 14107 | Lair:5   | Identified the +1 arbalest of Desperation {penet, rPois}
 14171 | Lair:5   | Reached skill level 18 in Fighting
 14294 | Lair:5   | Received a gift from Okawaru
 14458 | Lair:5   | Reached ****** piety under Okawaru
 14459 | Lair:5   | Acquired the +4 consecrated labrys {holy, Valiant ^Fragile
                  | Fly SInv}
 14459 | Lair:5   | Received a gift from Okawaru
 14459 | Lair:5   | Found the +4 consecrated labrys {holy, Valiant ^Fragile Fly
                  | SInv}
 14460 | Lair:5   | Acquired the +0 pair of gloves of Golden Surprise {rF+}
 14460 | Lair:5   | Received a gift from Okawaru
 14532 | Lair:5   | Reached skill level 10 in Armour
 14532 | Lair:5   | Reached skill level 10 in Shields
 14534 | Lair:5   | Reached skill level 1 in Throwing
 14534 | Lair:5   | Reached skill level 1 in Evocations
 14854 | Lair:5   | Received a gift from Okawaru
 15076 | Lair:5   | Found a corrupted altar of Lugonu.
 15076 | Lair:5   | Found a one-way gate to the infinite horrors of the Abyss.
 15084 | Lair:5   | Got an earthy gem with 485 turns to spare
 15203 | Lair:5   | Received a gift from Okawaru
 15208 | Lair:5   | Reached skill level 5 in Throwing
 15208 | Lair:5   | Reached skill level 5 in Evocations
 15386 | Lair:5   | Reached XP level 15. HP: 91/108 MP: 17/21
 16032 | Lair:3   | Received a gift from Okawaru
 16845 | Lair:2   | Found a hole to the Spider Nest.
 16961 | Lair:2   | Received a gift from Okawaru
 17249 | Lair:2   | Found a staircase to the Shoals.
 17753 | Orc:1    | Entered Level 1 of the Orcish Mines
 17863 | Orc:2    | Entered Level 2 of the Orcish Mines
 17995 | Orc:2    | Found a staircase to the Elven Halls.
 18003 | Orc:1    | Noticed Erolcha
 18021 | Orc:1    | Killed Erolcha
 18287 | Orc:1    | Found a dark tunnel.
 18298 | Volcano  | Entered a volcano
 18394 | Volcano  | Reached skill level 15 in Axes
 18516 | Volcano  | Found a bloodstained altar of Trog.
 18596 | Volcano  | Found a radiant altar of Vehumet.
 18848 | Orc:1    | Found Siphedd's General Store.
 18855 | Orc:1    | Bought a scroll of fear for 64 gold pieces
 18855 | Orc:1    | Bought a potion of enlightenment for 80 gold pieces
 18929 | Orc:2    | Received a gift from Okawaru
 19566 | Orc:2    | Found Ytuit's Assorted Antiques.
 19566 | Orc:2    | Found Yhikhuf's Antique Weapon Shoppe.
 19569 | Orc:2    | Found Vuwn's Distillery.
 19569 | Orc:2    | Found Qiolich's Magic Scroll Shoppe.
 19597 | Orc:2    | Bought a potion of haste for 160 gold pieces
 19597 | Orc:2    | Bought a potion of curing for 48 gold pieces
 19597 | Orc:2    | Bought a potion of curing for 48 gold pieces
 19597 | Orc:2    | Bought a potion of heal wounds for 80 gold pieces
 19597 | Orc:2    | Bought a potion of curing for 48 gold pieces
 19597 | Orc:2    | Bought a potion of curing for 48 gold pieces
 19597 | Orc:2    | Bought 2 potions of curing for 96 gold pieces
 19597 | Orc:2    | Bought a potion of attraction for 48 gold pieces
 19598 | Orc:2    | Bought a potion of invisibility for 248 gold pieces
 19598 | Orc:2    | Bought a scroll of teleportation for 93 gold pieces
 19598 | Orc:2    | Bought a notched cabochon ring for 155 gold pieces
 19598 | Orc:2    | Bought a scroll of revelation for 232 gold pieces
 19598 | Orc:2    | Bought a scroll of vulnerability for 124 gold pieces
 19598 | Orc:2    | Bought a sapphire potion for 27 gold pieces
 19602 | Orc:2    | Bought a scroll of teleportation for 51 gold pieces
 19602 | Orc:2    | Bought a scroll of poison for 68 gold pieces
 19602 | Orc:2    | Bought a scroll of blinking for 127 gold pieces
 19852 | Orc:2    | Found a roughly hewn altar of Beogh.
 19855 | Orc:2    | Reached XP level 16. HP: 106/114 MP: 19/22
 19861 | Orc:2    | Received a gift from Okawaru
 20209 | D:11     | Killed Lodul
 20280 | D:11     | Found a runed translucent gate.
 20280 | D:11     | Found a runed translucent gate.
 20280 | D:11     | Found a runed translucent gate.
 20280 | D:11     | Noticed BigDaddyOpFi's ghost (journeyman GrFi)
 20296 | D:11     | Killed BigDaddyOpFi's ghost
 20309 | D:11     | Got Sif Muna's Precepts of Flux
 20404 | D:11     | Learned a level 3 spell: Passwall
 20521 | D:12     | Identified the +8 spear "Nuefuapn" {drain, rN+}
 20701 | D:12     | Found Gozag's Platinum Reserve.
 20722 | D:12     | Found an opulent altar of Gozag.
 21025 | D:12     | Identified the +0 leather armour of Curiosity {rElec rPois
                  | MP-9}
 21917 | D:13     | Received a gift from Okawaru
 21927 | D:13     | Found a gate to the Vaults.
 22255 | D:14     | You are sucked into a shaft and drop 1 floor!
 22255 | D:15     | Entered Level 15 of the Dungeon
 22624 | Temple   | Entered the Ecumenical Temple
 22669 | Temple   | Fell from the grace of Okawaru
 22669 | Temple   | Became a worshipper of Elyvilon the Healer
 23040 | D:14     | Noticed a titan
 23349 | D:15     | Found Cuijew's Magic Scroll Emporium.
 23364 | D:15     | Bought a scroll of teleportation for 42 gold pieces
 23364 | D:15     | Bought a scroll of teleportation for 42 gold pieces
 23364 | D:15     | Bought a scroll of teleportation for 42 gold pieces
 23364 | D:15     | Bought a scroll of butterflies for 56 gold pieces
 23954 | D:15     | Noticed a deep elf blademaster
 23975 | D:15     | Killed a deep elf blademaster
 24073 | D:15     | Noticed a deep elf master archer
 24073 | D:15     | Noticed a titan
 24078 | D:15     | Killed a deep elf master archer
 24090 | D:15     | Killed a titan
 24630 | D:15     | Reached * piety under Elyvilon
 24672 | D:15     | Found Hunwot's Book Shop.
 24677 | D:15     | Found Rafotyed's Magic Scroll Emporium.
 24686 | D:15     | Bought a scroll of blinking for 150 gold pieces
 24686 | D:15     | Bought a scroll of fear for 80 gold pieces
 24686 | D:15     | Bought a scroll of fear for 80 gold pieces
 24686 | D:15     | Bought a scroll of teleportation for 60 gold pieces
 24686 | D:15     | Bought a scroll of teleportation for 60 gold pieces
 25229 | D:15     | Reached XP level 17. HP: 86/120 MP: 23/23
 26519 | D:14     | Killed a titan
 26956 | D:14     | Found a shadowy altar of Dithmenos.
 27424 | D:15     | Found a staircase to the Depths.
 27715 | Spider:1 | Entered Level 1 of the Spider Nest
 27721 | Spider:1 | Reached skill level 19 in Fighting
 27921 | Spider:1 | Noticed a deep elf blademaster
 27927 | Spider:1 | Killed a deep elf blademaster
 27932 | Spider:1 | HP: 2/122 [fire giant/bolt of fire[the fury of Okawaru]
                  | (19)]
 27941 | Spider:1 | Noticed a titan
 27950 | Spider:1 | Elyvilon protects you from harm!
 27964 | Spider:1 | Killed a titan
 28351 | Spider:1 | Reached ** piety under Elyvilon
 28409 | Abyss:2  | Cast into level 2 of the Abyss (deep elf zephyrmancer)
 28468 | Abyss:2  | Found a corrupted altar of Lugonu.
 28522 | Abyss:2  | Noticed a tentacled starspawn
 28531 | Abyss:2  | Killed a tentacled starspawn
 28549 | Spider:1 | Escaped the Abyss
 28955 | Spider:1 | Noticed a deep elf master archer
 28955 | Spider:1 | Noticed a titan
 28955 | Spider:1 | Noticed a deep elf master archer
 28958 | Spider:1 | Killed a deep elf master archer
 28963 | Spider:1 | Killed a titan
 28964 | Spider:1 | Killed a deep elf master archer
 29197 | Spider:1 | Was forgiven by Okawaru
 29899 | Spider:2 | You are sucked into a shaft and drop 1 floor!
 29899 | Spider:3 | Noticed Asterion
 29913 | Spider:3 | Killed Asterion
 29940 | Spider:3 | Noticed Mlioglotl
 29943 | Spider:3 | Noticed a tentacled monstrosity
 29943 | Spider:3 | Noticed an Executioner
 29947 | Spider:3 | Killed Mlioglotl
 30076 | Spider:2 | Found a runed translucent door.
 30076 | Spider:2 | Noticed Uveidaum's ghost (adept DsMo)
 30130 | Spider:2 | Killed Uveidaum's ghost
 30167 | Spider:2 | Noticed Arachne
 30180 | Spider:2 | Killed Arachne
 30288 | Spider:2 | Reached skill level 10 in Invocations
 30762 | Spider:2 | Identified the +4 rapier "Gel Zatu" {flame, rPois rC+
                  | Int-2}
 31416 | Spider:3 | Reached skill level 20 in Fighting
 31477 | Spider:3 | Reached *** piety under Elyvilon
 31501 | Spider:3 | Noticed Nikola
 31521 | Spider:3 | Killed Nikola
 31522 | Spider:3 | Reached XP level 18. HP: 110/129 MP: 25/25
 31903 | Spider:4 | Entered Level 4 of the Spider Nest
 32647 | Spider:4 | Noticed Roxanne
 32674 | Spider:4 | Killed Roxanne
 33579 | Spider:4 | Got a gossamer rune of Zot
 33802 | Shoals:1 | Entered Level 1 of the Shoals
 33828 | Shoals:1 | Reached skill level 21 in Fighting
 33895 | Shoals:1 | Reached **** piety under Elyvilon
 34286 | Shoals:1 | Found Paod's Antique Armour Shop.
 35106 | Shoals:2 | Found a runed translucent door.
 35112 | Shoals:2 | Reached XP level 19. HP: 95/137 MP: 27/27
 35119 | Shoals:2 | Noticed bronco's ghost (adept MiFi)
 35193 | Shoals:2 | Killed bronco's ghost
 36494 | Shoals:3 | Reached ***** piety under Elyvilon
 36880 | Shoals:3 | Found a transporter.
 36883 | Shoals:3 | Found a transporter.
 36883 | Shoals:3 | Identified the ring of Evayxiq {+Blink rCorr Dex+3}
 36900 | Shoals:3 | Noticed Ycup's ghost (journeyman MiBe)
 36902 | Shoals:3 | Identified the ring "Ibaph" {rElec rPois rF- rC+ SInv}
 36916 | Shoals:3 | Killed Ycup's ghost
 37223 | Shoals:4 | Entered Level 4 of the Shoals
 37223 | Shoals:4 | Identified the serpent talisman of True Grit {Dex+3 Slay+3}
 37223 | Shoals:4 | Noticed Aizul
 37242 | Shoals:4 | Killed Aizul
 37401 | Shoals:4 | Reached skill level 22 in Fighting
 37713 | Shoals:4 | Identified the +5 great sword of the Common Good {vamp,
                  | rElec Will+ SInv}
 38011 | Shoals:4 | Got a barnacled rune of Zot
 38041 | Shoals:4 | Noticed Louise
 38057 | Shoals:4 | Killed Louise
 38382 | Shoals:4 | Noticed Donald
 38410 | Shoals:4 | Killed Donald
 38915 | Vaults:1 | Entered Level 1 of the Vaults
 39182 | Vaults:1 | Reached XP level 20. HP: 71/147 MP: 29/29
 39807 | Vaults:1 | Found a large runed translucent door.
 39807 | Vaults:1 | Found a large runed translucent door.
 39808 | Vaults:1 | Noticed araganzar's ghost (adept GrSh)
 40219 | Vaults:1 | Killed araganzar's ghost
 40374 | Vaults:2 | Reached skill level 23 in Fighting
 40733 | Vaults:2 | You are sucked into a shaft and drop 1 floor!
 40745 | Vaults:3 | Found a staircase to the Crypt.
 40777 | Crypt:1  | Entered Level 1 of the Crypt
 41144 | Crypt:1  | Reached skill level 15 in Shields
 41203 | Crypt:1  | Reached skill level 15 in Armour
 41838 | Crypt:2  | Found a shimmering altar of Xom.
 42090 | Crypt:2  | Reached ****** piety under Elyvilon
 42450 | Crypt:3  | Entered Level 3 of the Crypt
 42595 | Crypt:3  | Reached XP level 21. HP: 147/155 MP: 31/31
 42742 | Crypt:3  | Found an ancient bone altar of Kikubaaqudgha.
 42788 | Crypt:3  | Reached skill level 24 in Fighting
 42921 | Crypt:3  | Paralysed by a vampire knight for 4 turns
 42924 | Crypt:3  | Noticed Vv
 42934 | Crypt:3  | Noticed a bone dragon
 42935 | Crypt:3  | Paralysed by a vampire knight for 4 turns
 42937 | Crypt:3  | HP: 2/202 [Vv (17)]
 42937 | Crypt:3  | Elyvilon protects you from harm!
 42937 | Crypt:3  | Elyvilon protects you from harm!
 42937 | Crypt:3  | Demolished by Vv

Illustrated notes

Levels and vault maps discovered:
D:1:      dpeg_arrival_round_c, layout_loops_ring,
          shapermc_ecumenical_altar_ellora, minmay_tripent
D:2:      layout_basic, uniq_sigmund, uniq_crazy_yiuf_cottage
D:3:      gammafunk_steamed_eel, layout_basic, portal_sewer_entry_d
D:4:      layout_loops_cross, grunt_temple_overflow_open, uniq_eustachio
D:5:      layout_rooms, nicolae_tso_besieged_by_evil, temple_fountains,
          guppyfry_early_orc_mine, uniq_edmund
D:6:      layout_gridville, lemuel_tele_altar, gammafunk_ghost_gnarly_gnolls,
          reono_crystal_passage, minmay_misc_feat_encased
D:7:      layout_basic, enter_bailey_2, grunt_ministairs_8
D:8:      layout_basic, uniq_amaemon
D:9:      layout_grid_maze
D:10:     minmay_clustersquares, layout_basic, led_sif_book, erik_lair_dragon,
          lightli_fourway_metalbox
D:11:     layout_irregular_city, gammafunk_ghost_spectres, uniq_grum,
          uniq_fannar, uniq_nergalle, uniq_gastronok, uniq_lodul, uniq_psyche
D:12:     layout_loops_cross, serial_undead, serial_undead_e, serial_undead_b,
          serial_undead_a, serial_undead_a, serial_undead_d, serial_undead_a,
          serial_undead_f, serial_undead_a, nicolae_gozag_zags_fifth_avenue
D:13:     layout_basic, hellmonk_vaults_keyhole
D:14:     layout_basic, grunt_dithmenos_shadows
D:15:     regret_index_pyroclastic, layout_irregular_city, chequers_garden,
          serial_shops, nicolae_shop_just_a_little_nook,
          nicolae_shop_getting_attention, nicolae_diamond_shop, serial_bayou,
          serial_bayou_shore_a, serial_bayou_pond_e, serial_bayou_lake_a,
          serial_bayou_pond_e, serial_bayou_pond_e, serial_bayou_shore_b,
          serial_bayou_crossing
Temple:   minmay_temple_curvy_loop
Lair:1:   layout_roguey, serial_bayou_shore_b, serial_bayou_shore_b,
          infiniplex_staircase_pool, grunt_megastairs_3
Lair:2:   layout_misc_corridors, mainiacjoe_shoals_entry_four_pools,
          spider_nest_entry_funnel_web
Lair:3:   layout_gridlike
Lair:4:   layout_roguey, slime_entry_1, pdpol_lair_cabin_in_the_woods
Lair:5:   hellmonk_lair_end_abyssal_woods, layout_regular_city, uniq_rupert
Shoals:1: layout_shoals, serial_shops, nicolae_shop_real_fake_doors
Shoals:2: layout_shoals, ebering_ghost_reflecting_pool
Shoals:3: layout_shoals, ebering_ghost_davey_jones
Shoals:4: shoals_end_grunt_ice, layout_shoals, uniq_donald, uniq_aizul,
          uniq_louise
Spider:1: layout_spider_delve
Spider:2: layout_spider_delve, hellmonk_ghost_happy_afterlife, drop_trap,
          uniq_arachne
Spider:3: layout_spider_delve, uniq_mlioglotl, uniq_nikola, uniq_asterion
Spider:4: floodkiller_spider_rune_tomb, hangedman_spider_tarantella_strand,
          uniq_roxanne
Orc:1:    layout_caves, nicolae_volcano_entry_hallway, serial_shops,
          nicolae_shop_pleasant_corner_grove, uniq_erolcha
Orc:2:    st_orc_mages, layout_diamond_mine, kennysheep_orc_chapel
Vaults:1: ebering_ghost_disaster_area, v_pattern_4,
          nicolae_vaults_storage_room_water, v_misc_17, nicolae_vaults_cochlea,
          nicolae_vaults_little_guard_posts, nicolae_vaults_trapezoid_1,
          ontoclasm_vaults_fault, ontoclasm_vaults_decontamination,
          nicolae_vaults_trapezoid_lopsided_3, hangedman_vaults_trim,
          nicolae_vaults_layer_cake_slice, vaults_room_door_hall,
          vaults_dpeg_encased_lava, layout_vaults_big_room
Vaults:2: vaults_room_grunt_arrival_ludios, hangedman_vaults_maws, v_misc_1,
          nicolae_vaults_circle_grid_b, nicolae_vaults_sesquioval_fish,
          nicolae_vaults_trapezoid_lopsided_2, nicolae_vaults_trapezoid_2,
          vaults_room_semicircle, nicolae_vaults_tangram_2,
          nicolae_vaults_apartment_2, vaults_mumra_hexcomb,
          layout_vaults_omnicross
Vaults:3: nicolae_vaults_cochlea, ontoclasm_vaults_loading_screen,
          dpeg_vaults_monster_row, hangedman_vaults_pinch, lightli_orcish_oven,
          v_pattern_1, nicolae_vaults_ring_of_whatevers, v_misc_11,
          nicolae_vaults_storage_closets_3, nicolae_vaults_house_2,
          ontoclasm_vaults_hangar, v_alt_pattern_3, layout_vaults_omnibox,
          minmay_crypt_entry_simple_corners
Crypt:1:  layout_regular_city
Crypt:2:  layout_chaotic_city, basic_altar
Crypt:3:  grunt_crypt_end_deaths_head, uniq_vv

Skill      XL: |  1  2  3  4  5  6  7  8  9 10 11 12 13 14 15 16 17 18 19 20 21 |
---------------+----------------------------------------------------------------+-----
Axes           | 2 3 4 7 10 13 14 15 18 | 18.0
Fighting       | 6 7 9 13 17 18 20 21 22 23 24 | 24.1
Invocations    | 2 8 10 11 13 14 | 14.6
Armour         | 4 6 9 10 11 13 14 15 | 15.5
Shields        | 4 6 9 10 11 13 14 15 | 15.6
Throwing       | 5 6 |  6.0
Evocations     | 5 8 |  8.0

Action                     |  1- 3 |  4- 6 |  7- 9 | 10-12 | 13-15 | 16-18 | 19-21 || total
---------------------------+-------+-------+-------+-------+-------+-------+-------++-------
  Melee: War axe           |   118 |       |       |       |    11 |       |       ||   129
         Whip              |    21 |    89 |   378 |       |       |       |       ||   488
         Hand axe          |       |       |    60 |   507 |   393 |       |       ||   960
         Labrys            |       |       |       |       |   613 |  1643 |  1209 ||  3465
  Throw: Throwing net      |     1 |       |       |       |       |       |       ||     1
         Stone             |       |     3 |     5 |     1 |       |       |       ||     9
         Boomerang         |       |       |       |       |    10 |    38 |       ||    48
 Invoke: Heroism           |       |       |     6 |     4 |     1 |       |       ||    11
         Finesse           |       |       |       |     4 |     2 |     1 |       ||     7
         Receive Weapon    |       |       |       |       |     1 |       |       ||     1
         Receive Armour    |       |       |       |       |     1 |       |       ||     1
         Heal Self         |       |       |       |       |       |     9 |     9 ||    18
         Divine Vigour     |       |       |       |       |       |       |     2 ||     2
  Evoke: Wand              |       |     8 |     4 |       |     4 |       |       ||    16
    Use: Potion            |       |     2 |     4 |     1 |     2 |    11 |       ||    20
         Scroll            |       |     3 |    14 |     8 |     3 |     5 |       ||    33
   Stab: Distracted        |       |       |       |       |       |       |     1 ||     1
 Armour: Scale mail        |   112 |   117 |    33 |       |       |       |       ||   262
         Plate armour      |       |       |   316 |   330 |   795 |  2119 |  1061 ||  4621
  Dodge: Dodged            |    62 |    57 |    98 |   137 |   426 |   455 |   182 ||  1417
         Repelled          |       |       |       |       |       |    11 |    38 ||    49
  Block: Buckler           |    28 |    33 |    78 |   101 |   437 |   104 |       ||   781
         Kite shield       |       |       |       |       |       |  1078 |   312 ||  1390
         Tower shield      |       |       |       |       |       |       |   819 ||   819

Table legend: (Time is in decaauts)
 A = Elapsed time spent in this place.
 B = Non-inter-level travel time spent in this place.
 C = Inter-level travel time spent in this place.
 D = Time resting spent in this place.
 E = Time spent auto-exploring this place.
 F = Levels seen in this place.
 G = Mean time per level.
                   A        B        C        D        E       F      G
               +--------+--------+--------+--------+--------+-----+--------+
         Total |  41976 |  39319 |   2657 |   5243 |  24270 |  40 | 1049.4 |
       Dungeon |  18959 |  17344 |   1615 |   3075 |  10829 |  15 | 1263.9 |
        Temple |     90 |      1 |     89 |      0 |      0 |   1 |   90.0 |
          Lair |   6266 |   5869 |    397 |    349 |   4132 |   5 | 1253.2 |
        Shoals |   4751 |   4653 |     98 |    312 |   2520 |   4 | 1187.8 |
   Spider Nest |   5445 |   5179 |    266 |   1465 |   2335 |   4 | 1361.2 |
  Orcish Mines |   1934 |   1845 |     89 |     36 |   1328 |   2 |  967.0 |
        Vaults |   1812 |   1775 |     37 |      5 |   1378 |   3 |  604.0 |
         Crypt |   2090 |   2027 |     63 |      0 |   1385 |   3 |  696.7 |
         Abyss |    135 |    135 |      0 |      0 |     71 |   1 |  135.0 |
        Bailey |    110 |    110 |      0 |      0 |     41 |   1 |  110.0 |
       Volcano |    380 |    380 |      0 |      0 |    250 |   1 |  380.0 |
               +--------+--------+--------+--------+--------+-----+--------+

Top non-repeatable levels by time:
    D:15: 4056 daAuts
    D:10: 1962 daAuts
Spider:2: 1790 daAuts
  Lair:5: 1647 daAuts
Spider:4: 1645 daAuts
  Lair:2: 1503 daAuts
Shoals:4: 1419 daAuts
     D:7: 1411 daAuts
Spider:1: 1332 daAuts
   Orc:2: 1326 daAuts
Vaults:1: 1324 daAuts
Shoals:3: 1234 daAuts
     D:1: 1226 daAuts
  Lair:4: 1205 daAuts
     D:6: 1193 daAuts
